 Dungeon Crawl Stone Soup version 0.19-a0-1155-gb6eeeff (webtiles) character file.

28302 HaroldButt the Destroyer (level 13, -2/78 HPs)
             Began as a Deep Elf Conjurer on Aug 13, 2016.
             Was an Elder of Vehumet.
             Killed by divine providence
             ... invoked by a meliai
              (9 damage)
             ... on level 5 of the Lair of Beasts.
             The game lasted 01:31:03 (16941 turns).

HaroldButt the Destroyer (Deep Elf Conjurer)       Turns: 16941, Time: 01:31:04

Health: -2/78      AC:  7    Str:  6    XL:     13   Next: 9%
Magic:  6/29       EV: 18    Int: 29    God:    Vehumet [****..]
Gold:   861        SH:  0    Dex: 15    Spells: 7 memorised, 12 levels left

rFire  + . .     SeeInvis .     I - staff of air
rCold  . . .     Gourm    .     u - +1 animal skin
rNeg   . . .     Faith    .     (no shield)
rPois  .         Spirit   .     t - +1 helmet
rElec  +         Dismiss  .     (no cloak)
rCorr  .         Reflect  .     h - +0 pair of gloves of Cif Cam {Int+4}
MR     +....     Harm     .     (no boots)
Stlth  ++........               T - amulet of magic regeneration
                                (no ring)
                                s - ring of protection from fire

@: no status effects
A: no striking features
a: Renounce Religion


You were on level 5 of the Lair of Beasts.
You worshipped Vehumet.
Vehumet was greatly pleased with you.
You were very full.

You visited 3 branches of the dungeon, and saw 17 of its levels.

You collected 861 gold pieces.


   Skills:
 - Level 8.1 Fighting
 - Level 8.0 Armour
 + Level 9.5 Dodging
 - Level 2.4 Stealth
 - Level 10.1 Spellcasting
 - Level 14.0 Conjurations
 - Level 10.0 Charms


You had 12 spell levels left.
You knew the following spells:

 Your Spells              Type           Power        Failure   Level  Hunger
c - Dazzling Spray        Conj/Hex       ######       1%          3    None
u - Force Lance           Conj/Tloc      ######..     1%          4    None
v - Iskenderun's Mystic   Conj           #######.     1%          4    None
x - Searing Ray           Conj           ######       0%          2    None
y - Shock                 Conj/Air       ####         1%          1    None
z - Magic Dart            Conj           ####         0%          1    None
X - Iskenderun's Battles  Conj/Chrm      ######..     1%          5    ###....

Inventory:

Hand Weapons
 w - a +3 dagger of draining
Armour
 h - the +0 pair of gloves of Cif Cam (worn) {Int+4}

   It affects your intelligence (+4).
 t - a +1 helmet (worn)
 u - a +1 animal skin (worn)
 x - a +0 pair of gloves
 D - a +0 buckler of protection
Magical Staves
 v - an uncursed staff of earth
 I - an uncursed staff of air (weapon)
Jewellery
 s - a ring of protection from fire (left hand)
 y - an uncursed amulet of the gourmand
 T - an amulet of magic regeneration (around neck)
Wands
 d - a wand of paralysis (8/24)
 j - a wand of digging (22/24)
 r - a wand of iceblast (8/15)
 J - a wand of teleportation (4/9) {!d@v4}
 Q - a wand of lightning (9/15)
Scrolls
 g - 3 scrolls of enchant armour
 i - 6 scrolls of teleportation {@r4}
 l - a scroll of immolation {!r}
 q - 3 scrolls of remove curse
 C - 3 scrolls of fog
 L - a scroll of blinking
 M - a scroll of amnesia
Potions
 a - a potion of cure mutation
 e - a potion of resistance
 f - 3 potions of flight
 m - a potion of magic
 n - 7 potions of curing {@q1}
 o - 3 potions of ambrosia
 z - a potion of lignification {!q}
 E - a potion of agility
 G - 3 potions of berserk rage {!q}
 H - 3 potions of brilliance
 K - a potion of cancellation {unknown}
 N - a potion of haste {unknown}
 O - a potion of invisibility
 P - a potion of might {unknown}
Books
 b - a book of Conjurations

   Spells                             Type                      Level
   a - Magic Dart                     Conjuration                  1
   b - Searing Ray                    Conjuration                  2
   c - Dazzling Spray                 Conjuration/Hexes            3
   d - Fulminant Prism                Conjuration/Hexes            4
   e - Iskenderun's Mystic Blast      Conjuration                  4
   f - Iskenderun's Battlesphere      Conjuration/Charms           5
 A - a book of Cantrips

   Spells                             Type                      Level
   a - Confusing Touch                Hexes                        1
   b - Animate Skeleton               Necromancy                   1
   c - Summon Small Mammal            Summoning                    1
   d - Apportation                    Translocation                1
 B - a book of the Sky

   Spells                             Type                      Level
   a - Summon Lightning Spire         Summoning/Air                4
   b - Airstrike                      Air                          4
   c - Silence                        Hexes/Air                    5
   d - Deflect Missiles               Charms/Air                   6
   e - Conjure Ball Lightning         Conjuration/Air              6
   f - Tornado                        Air                          9
Comestibles
 c - 12 bread rations
 k - 9 meat rations
 p - 6 beef jerkies
 F - 9 slices of pizza

Dungeon Overview and Level Annotations

Branches:
Dungeon (11/15)            Temple (1/1) D:4            Lair (5/6) D:10
 Shoals (0/4) Lair:2       Spider (0/4) Lair:4        Slime (0/5) Lair:5
    Orc: D:9-12

Altars:
Ashenzari
Cheibriados
Dithmenos
Elyvilon
Fedhas
Gozag
Hepliaklqana
Kikubaaqudgha
Makhleb
Nemelex Xobeh
Okawaru
Pakellas
Qazlal
Ru
Sif Muna
Trog
Uskayaw
Vehumet
Xom
Yredelemnul
Zin
The Shining One

Shops:
D:5 } D:7

:
......▒....▒▒..............▒
...▒.▒...▒▒▒▒..............▒
.......>......f.........<..▒
...▒▒....▒.▒.....y.........▒▒
..▒▒.▒...▒.▒▒..............P▒
..▒▒.▒.....▒▒.............▒▒▒
..▒▒..▒.▒.▒▒▒............▒▒
...▒....▒▒▒▒▒.▒...........▒
............Y..▒e........▒▒
▒.▒▒▒.P.....P.............▒
▒▒▒ ▒.▒▒.................▒▒
▒▒▒▒▒▒▒▒▒▒▒▒..........▒
▒.........▒.▒ ▒...........▒▒
▒▒....>....▒.▒ ▒...........▒▒
.............


You could see a meliai.


Message History

Aiming: Iskenderun's Mystic Blast
Press: ? - help, Shift-Dir - straight line, f/p - death yak
Aim: a death yak (almost dead)
The orb of energy hits the death yak.
The death yak is almost dead.
The orb of energy explodes!
The death yak gores you!!
* * * LOW HITPOINT WARNING * * *
Cast which spell? (? or * to list)
Aiming: Iskenderun's Mystic Blast
Press: ? - help, Shift-Dir - straight line, f/p - death yak
Aim: a death yak (almost dead)
The orb of energy hits the death yak.
You kill the death yak!
Vehumet accepts your kill.
You feel your power returning.
The orb of energy explodes!
You hear a bellow!
You hear an angry buzzing noise.
A meliai comes into view. It is wielding a hand axe.
The meliai mumbles some strange prayers to its god against you.
Something smites you!
* * * LOW HITPOINT WARNING * * *
The meliai invokes the aid of its god against you.
Something smites you!
* * * LOW HITPOINT WARNING * * *
There is a stone staircase leading up here.
The meliai calls down the wrath of its god upon you.
Something smites you!
You die...

Action                   |  1- 3 |  4- 6 |  7- 9 | 10-12 | 13-15 || total
-------------------------+-------+-------+-------+-------+-------++-------
Melee: Unarmed           |       |     2 |       |       |       ||     2
       Dagger            |       |       |    57 |     3 |       ||    60
       Staff             |       |       |       |     1 |       ||     1
 Cast: Magic Dart        |    56 |    98 |   240 |   458 |     4 ||   856
       Searing Ray       |     2 |    13 |    15 |     4 |       ||    34
       Iskenderun's Batt |       |       |    18 |    99 |     8 ||   125
       Dazzling Spray    |       |       |     6 |     5 |       ||    11
       Iskenderun's Myst |       |       |       |    34 |    14 ||    48
       Force Lance       |       |       |       |       |     1 ||     1
Evoke: Wand              |       |       |       |     1 |       ||     1
  Use: Scroll            |       |       |    17 |    14 |     1 ||    32
       Potion            |       |       |       |     3 |       ||     3
 Stab: Sleeping          |       |       |     3 |       |       ||     3
  Eat: Chunk             |       |     7 |    28 |    40 |     1 ||    76
Armor: Robe              |       |     6 |       |       |       ||     6
       Animal skin       |       |       |    62 |    38 |       ||   100
Dodge: Dodged            |    12 |    49 |   147 |   113 |     3 ||   324

Vault maps used:
D:1:      lightli_arrival_statuegarden, st_stairs_6
D:2:      nicolae_overflow_hidden_temple, uniq_natasha, uniq_iyjb
D:3:      nemelex_diamond_rough_becter, uniq_jessica, uniq_robin
D:4:      elyvilon_altar_5, serial_bayou_lagoon_a
D:5:      johnstein_pakellas_shop, kennysheep_vampire_church,
          lemuel_crystal_altar, first_bread, uniq_grinder, uniq_blork_the_orc
D:6:      lemuel_crystal_altar, zin_angel, uniq_menkaure, uniq_duvessa
D:7:      fedhas_altar_1, serial_shops, shop, basic_altar, uniq_pikel
D:8:      nicolae_ru_the_path_less_chosen, lemuel_blue_sif_altar,
          ashenzari_altar_1
D:9:      nicolae_dithmenos_the_darkroom, grunt_livestock
D:10:     minmay_lair_entry_grove, kennysheep_small_square, uniq_sonja
D:11:     orc_0_dummy, serial_shops, shop_fountains, kennysheep_nub
Temple:   eino_wide_crystal_templ
Lair:2:   elwin_shoals_entry_rocks, beast_lair_carwin_5, uniq_urug
Lair:3:   beast_lair_carwin_large_2, serial_bayou_shore_a, serial_bayou_shore_b
Lair:4:   spider_nest_entry_webs
Lair:5:   minmay_slime_entry_jelly_boxes, special_room

Notes
Turn   | Place    | Note
-------+----------+-------------------------------------------
     0 | D:1      | HaroldButt the Deep Elf Conjurer began the quest for the Orb.
     0 | D:1      | Reached XP level 1. HP: 10/10 MP: 6/6
   321 | D:1      | Reached XP level 2. HP: 15/15 MP: 2/8
   347 | D:1      | Learned a level 2 spell: Searing Ray
   364 | D:1      | Reached skill level 5 in Conjurations
   785 | D:1      | Reached XP level 3. HP: 19/19 MP: 6/9
   794 | D:1      | Learned a level 3 spell: Dazzling Spray
  1188 | D:2      | Noticed Natasha
  1199 | D:2      | Killed Natasha
  1199 | D:2      | Reached skill level 6 in Conjurations
  1199 | D:2      | Reached XP level 4. HP: 7/24 MP: 4/10
  1475 | D:2      | Noticed Natasha
  1483 | D:2      | Killed Natasha
  1491 | D:2      | Noticed Natasha
  1494 | D:2      | Killed Natasha
  1598 | D:2      | Found a hide-covered altar of Uskayaw.
  1743 | D:2      | Noticed Ijyb
  1752 | D:2      | Killed Ijyb
  1752 | D:2      | Reached skill level 7 in Conjurations
  1752 | D:2      | Reached XP level 5. HP: 27/28 MP: 3/11
  2426 | D:3      | Noticed Tux's ghost (amateur DEEE)
  2434 | D:3      | Killed Tux's ghost
  2434 | D:3      | Reached skill level 8 in Conjurations
  2434 | D:3      | Reached XP level 6. HP: 32/32 MP: 4/12
  2498 | D:3      | Learned a level 5 spell: Iskenderun's Battlesphere
  2683 | D:3      | Noticed Jessica
  2689 | D:3      | Killed Jessica
  2804 | D:3      | Noticed Robin
  2811 | D:3      | Killed Robin
  2857 | D:3      | Reached skill level 9 in Conjurations
  3113 | D:3      | Found a sparkling altar of Nemelex Xobeh.
  3488 | D:4      | Found a white marble altar of Elyvilon.
  3570 | D:4      | Reached XP level 7. HP: 32/36 MP: 7/13
  3879 | D:4      | Reached skill level 10 in Conjurations
  4059 | D:4      | Reached skill level 1 in Charms
  4073 | D:4      | Reached skill level 3 in Charms
  4181 | D:4      | Found a staircase to the Ecumenical Temple.
  4191 | Temple   | Entered the Ecumenical Temple
  4221 | Temple   | Became a worshipper of Vehumet
  4335 | D:5      | Entered Level 5 of the Dungeon
  4347 | D:5      | Reached skill level 4 in Charms
  4348 | D:5      | Noticed Blork the orc
  4356 | D:5      | Reached skill level 5 in Charms
  4357 | D:5      | Noticed Grinder
  4371 | D:4      | Killed Blork the orc
  4371 | D:4      | Reached skill level 6 in Charms
  4371 | D:4      | Reached XP level 8. HP: 32/41 MP: 1/14
  4565 | D:4      | Reached skill level 7 in Charms
  4643 | D:5      | Paralysed by Grinder for 6 turns
  4740 | D:5      | Killed Grinder
  4740 | D:5      | Reached skill level 8 in Charms
  4780 | D:5      | Found an oddly glowing altar of Pakellas.
  4780 | D:5      | Found Pakellas's Prime Provisions.
  4802 | D:5      | Found a hazy altar of Hepliaklqana.
  4946 | D:5      | Reached skill level 9 in Charms
  5170 | D:5      | Reached * piety under Vehumet
  5170 | D:5      | Offered knowledge of Shock by Vehumet.
  5293 | D:5      | Found an ancient bone altar of Kikubaaqudgha.
  5419 | D:6      | Reached skill level 10 in Charms
  5543 | D:6      | Noticed Duvessa
  5543 | D:6      | Noticed Dowan
  5676 | D:5      | Reached skill level 4 in Spellcasting
  5867 | D:6      | Reached skill level 5 in Spellcasting
  6077 | D:6      | Killed Duvessa
  6079 | D:6      | Killed Dowan
  6079 | D:6      | Reached skill level 6 in Spellcasting
  6093 | D:6      | Got a pair of ichor-stained gloves
  6094 | D:6      | Identified the cursed +0 pair of gloves of Cif Cam {Int+4} (You found it on level 6 of the Dungeon)
  6233 | D:6      | Reached XP level 9. HP: 26/45 MP: 11/20
  6443 | D:6      | Noticed Menkaure
  6447 | D:6      | Killed Menkaure
  6447 | D:6      | Reached skill level 7 in Spellcasting
  6479 | D:6      | Reached skill level 8 in Spellcasting
  6598 | D:6      | Found an opulent altar of Gozag.
  6657 | D:6      | Found a glowing silver altar of Zin.
  6657 | D:6      | Noticed an angel
  6886 | D:7      | Noticed Pikel
  7196 | D:7      | Killed Pikel
  7196 | D:7      | Reached skill level 9 in Spellcasting
  7344 | D:7      | Reached skill level 10 in Spellcasting
  7545 | D:7      | Found a blossoming altar of Fedhas.
  7932 | D:7      | Learned a level 1 spell: Shock
  8294 | D:7      | Reached skill level 11 in Conjurations
  8348 | D:7      | Found Usyb's Book Shop.
  8389 | D:7      | Found a basalt altar of Yredelemnul.
  8483 | D:8      | Found a deep blue altar of Sif Muna.
  8578 | D:8      | Learned a level 4 spell: Iskenderun's Mystic Blast
  8623 | D:8      | Reached XP level 10. HP: 50/50 MP: 10/26
  8736 | D:8      | Reached ** piety under Vehumet
  8751 | D:8      | Offered knowledge of Sting by Vehumet.
  8818 | D:8      | Found a shattered altar of Ashenzari.
  8873 | D:8      | Found a sacrificial altar of Ru.
  9008 | D:9      | Reached skill level 12 in Conjurations
  9102 | D:9      | Found a shadowy altar of Dithmenos.
  9400 | D:9      | Identified a wand of teleportation
  9671 | D:10     | Entered Level 10 of the Dungeon
  9674 | D:10     | Reached skill level 13 in Conjurations
  9676 | D:10     | Offered knowledge of Throw Flame by Vehumet.
  9927 | D:10     | Noticed a hill giant
  9948 | D:10     | HP: 5/50 [water moccasin (3)]
 10154 | D:10     | Reached *** piety under Vehumet
 10326 | D:10     | Reached skill level 14 in Conjurations
 10382 | D:10     | Reached skill level 1 in Fighting
 10392 | D:10     | Reached skill level 2 in Fighting
 10471 | D:10     | Reached skill level 3 in Fighting
 10482 | D:10     | Reached XP level 11. HP: 53/60 MP: 3/27
 10503 | D:10     | Reached skill level 4 in Fighting
 10581 | D:10     | Offered knowledge of Ignite Poison by Vehumet.
 10787 | D:10     | Reached skill level 5 in Fighting
 10933 | D:10     | Found a staircase to the Lair.
 11004 | D:10     | Killed an unseen horror
 11270 | D:10     | Reached skill level 6 in Fighting
 11290 | D:10     | Reached **** piety under Vehumet
 11308 | D:10     | Noticed Sonja
 11467 | D:10     | Noticed a purple ugly thing
 11471 | D:10     | Killed a purple ugly thing
 11492 | D:10     | Offered knowledge of Inner Flame by Vehumet.
 11518 | D:10     | Killed Sonja
 11518 | D:10     | Reached skill level 7 in Fighting
 11704 | Lair:1   | Entered Level 1 of the Lair of Beasts
 11936 | Lair:1   | Reached skill level 8 in Fighting
 12004 | Lair:1   | Noticed a four-headed hydra
 12013 | Lair:1   | Killed a four-headed hydra
 12013 | Lair:1   | Reached skill level 2 in Armour
 12277 | Lair:1   | Reached skill level 3 in Armour
 12622 | Lair:2   | Found a staircase to the Shoals.
 12699 | Lair:2   | Reached skill level 4 in Armour
 12699 | Lair:2   | Reached XP level 12. HP: 68/73 MP: 13/28
 12940 | Lair:2   | Reached skill level 5 in Armour
 13370 | Lair:2   | Identified a scroll of acquirement
 13480 | Lair:2   | Noticed Urug
 13488 | Lair:2   | Killed Urug
 13751 | Lair:2   | Reached skill level 6 in Armour
 14077 | Lair:3   | Reached skill level 7 in Armour
 14234 | Lair:3   | Reached ***** piety under Vehumet
 14307 | Lair:3   | Offered knowledge of Force Lance by Vehumet.
 14313 | Lair:3   | Learned a level 4 spell: Force Lance
 14631 | Lair:3   | Reached skill level 8 in Armour
 14759 | Lair:3   | Reached skill level 3 in Dodging
 14827 | Lair:3   | Reached skill level 4 in Dodging
 14889 | Lair:3   | Reached skill level 5 in Dodging
 15220 | Lair:3   | Reached skill level 6 in Dodging
 15692 | Lair:4   | Reached skill level 7 in Dodging
 15760 | Lair:4   | Found a hole to the Spider Nest.
 16378 | Lair:5   | Found a staircase to the Slime Pits.
 16402 | Lair:5   | Reached skill level 8 in Dodging
 16508 | Lair:5   | Reached XP level 13. HP: 74/78 MP: 3/29
 16823 | Lair:5   | Reached skill level 9 in Dodging
 16940 | Lair:5   | HP: 7/78 [meliai/divine providence (8)]
 16941 | Lair:5   | Killed from afar by a meliai

Vanquished Creatures
  A hydra (Lair:1)
  A death yak (Lair:5)
  Urug (Lair:2)
  Sonja (D:10)
  An unseen horror (D:10)
  Pikel (D:7)
  2 griffons
  An ugly thing (D:10)
  7 elephants
  3 black mambas
  4 spiny frogs
  6 komodo dragons
  A rime drake (Lair:5)
  2 trolls (D:10)
  2 meliai (Lair:5)
  4 blink frogs (Lair:2)
  Grinder (D:5)
  2 redbacks (Lair:4)
  28 yaks
  A human (D:9)
  2 hungry ghosts (D:10)
  5 basilisks
  2 hogs (D:9)
  4 hippogriffs
  Menkaure (D:6)
  8 porcupines
  The ghost of Tux the Magician, an amateur DEEE (D:3)
  7 water moccasins
  Duvessa (D:6)
  2 ice beasts
  4 orc warriors
  2 phantoms (D:10)
  3 sky beasts
  4 slaves
  A black bear (D:10)
  5 centaurs
  5 ogres
  11 crocodiles
  Blork the orc (D:4)
  24 giant frogs
  Dowan (D:6)
  3 scorpions
  9 killer bees
  7 wights
  2 electric eels (Lair:3)
  4 howler monkeys
  2 vampire bats (D:5)
  2 giant frog zombies
  2 crimson imps
  A centaur zombie (D:6)
  A quasit (D:8)
  5 orc priests
  2 giant frog skeletons (D:8)
  7 orc wizards
  A hound (D:10)
  12 jellies (Lair:5)
  A centaur skeleton (D:10)
  Jessica (D:3)
  Natasha (thrice) (D:2)
  12 iguanas
  Ijyb (D:2)
  7 worker ants
  A sheep (D:9)
  A hound zombie (D:9)
  A hound skeleton (D:8)
  A worker ant zombie (D:6)
  Robin (D:3)
  13 adders
  18 river rats
  4 shadow imps
  5 oozes
  2 adder skeletons
  2 worms
  A dart slug (D:2)
  9 giant geckos
  35 orcs
  4 ball pythons
  2 bat skeletons (D:5)
  4 bat zombies (D:5)
  6 giant cockroaches
  10 goblins
  13 hobgoblins
  20 jackals
  2 quokkas
  7 bats
  A giant gecko skeleton (D:8)
  7 giant newts
  8 kobolds
  A quokka skeleton (D:5)
  A quokka zombie (D:7)
  9 rats
438 creatures vanquished.

Vanquished Creatures (others)
  A bush (D:10)
  A fungus (Lair:3)
  4 plants
6 creatures vanquished.

Grand Total: 444 creatures vanquished
